 Dungeon Crawl Stone Soup version 0.21-a0-584-g185da8e (webtiles) character file.

156 Amnesiac the Skirmisher (level 5, -1/36 HPs)
             Began as an Octopode Transmuter on Dec 20, 2017.
             Slain by Grinder (7 damage)
             ... on level 3 of the Dungeon.
             The game lasted 00:03:55 (3281 turns).

Amnesiac the Skirmisher (Octopode Transmuter)       Turns: 3281, Time: 00:03:55

Health: -1/36      AC:  2    Str:  9    XL:     5   Next: 38%
Magic:  12/17      EV: 21    Int: 15    God:
Gold:   118        SH:  0    Dex: 19    Spells: 2/8 levels left

rFire    . . .     SeeInvis .     - Unarmed
rCold    . . .     Gourm    .   (shield currently unavailable)
rNeg     . . .     Faith    .   (helmet currently unavailable)
rPois    x         Spirit   .   d - amulet of harm
rElec    .         Reflect  .   e - ring of magical power
rCorr    .         Harm     +   (no ring)
MR       .....                  (no ring)
Stlth    ++........             (no ring)
HPRegen  0.12/turn              (no ring)
MPRegen  0.15/turn              (no ring)
                                (no ring)
                                (no ring)

@: spider-form, very slightly contaminated
A: tiny, almost no armour, stealthy swim, (amphibious), 8 rings, (constrict 8)
a: End Transformation


You were on level 3 of the Dungeon.
You were not hungry.
You were a venomous arachnid creature.
You visited 1 branch of the dungeon, and saw 3 of its levels.

You collected 118 gold pieces.

Inventory:

Missiles
 a - 61 arrows
 j - 64 stones (quivered)
 k - a throwing net
 p - 9 poisoned needles
Armour
 q - a +1 hat of intelligence (melded)
Jewellery
 d - an amulet of harm (around neck)
 e - a ring of magical power (left front leg)
Scrolls
 g - a scroll of remove curse {!r}
 h - a scroll of amnesia {!r, unknown}
Potions
 i - 3 potions of curing {!q, unknown}
 n - a potion of brilliance {!q}
 o - 2 potions of lignification {!q}
Books
 b - a book of Changes

   Spells                             Type                      Level
   a - Beastly Appendage              Transmutation                1
   b - Sticks to Snakes               Transmutation                2
   c - Spider Form                    Transmutation/Poison         3
   d - Ice Form                       Ice/Transmutation            4
   e - Blade Hands                    Transmutation                5
Comestibles
 c - 6 rations
 f - 2 chunks of flesh


   Skills:
 * Level 3.2 Fighting
 * Level 3.2 Dodging
 * Level 3.1 Unarmed Combat
 + Level 2.1 Spellcasting
 * Level 3.2 Transmutations


You had 2 spell levels left.
You knew the following spells:

 Your Spells              Type           Power        Failure   Level  Hunger
a - Beastly Appendage     Tmut           ##....       17%         1    #......
b - Sticks to Snakes      Tmut           ##......     22%         2    ###....
e - Spider Form           Tmut/Pois      #.........   56%         3    ###....


Dungeon Overview and Level Annotations

Branches:
Dungeon (3/15)

Altars:
Gozag

Annotations:
D:3 Grinder, Jessica


Innate Abilities, Weirdness & Mutations

You cannot wear most types of armour.
You are very stealthy in the water. (Stealth+)
((You are amphibious.))
You can wear up to eight rings at the same time.
((You can use your tentacles to constrict eight enemies at once.))
((Your skin changes colour to match your surroundings (Stealth+).))
((Your rubbery body absorbs attacks. (AC +1, EV +1)))


Message History

You see here a quokka corpse.
You butcher the quokka corpse.
f - 3 chunks of flesh (gained 2)
Your transformation has ended.
You feel clever.
Grinder comes into view.
Grinder shouts!
Found a shield.
Grinder is nearby!
Grinder is nearby!
Casting: Spider Form
Confirm with . or Enter, or press ? or * to list all spells.
You turn into a venomous arachnid creature.
You feel stupid.
You are feeling hungry.
Jessica the Apprentice Sorceress comes into view.
Grinder gestures at you. Pain shoots through your body!
Found a stone staircase leading down.
Your transformation is almost over.
Grinder blinks!
Your transformation has ended.
You feel clever.
You start resting.
Eating one of 3 chunks of flesh.
You eat one of the 3 chunks of flesh.
This raw flesh tastes terrible.
Magic restored.
You start resting.
Casting: Spider Form
Confirm with . or Enter, or press ? or * to list all spells.
You miscast Spider Form.
You are very lightly contaminated with residual magic.
Your tentacles glow momentarily.
Casting: Spider Form
Confirm with . or Enter, or press ? or * to list all spells.
You turn into a venomous arachnid creature.
You feel stupid. Grinder closely misses you.
You barely miss Grinder.
Grinder says, "Mostly I couldn't keep them alive."
Grinder blinks!
You hit Grinder.
Grinder is poisoned.
Grinder is lightly wounded.
Grinder closely misses you.
You hit Grinder.
Grinder is moderately wounded.
Grinder closely misses you.
You barely miss Grinder.
Grinder is lightly wounded.
Grinder hits you.
You hit Grinder.
Grinder is moderately wounded.
Grinder hits you!
* * * LOW HITPOINT WARNING * * *
You writhe in agony.
* * * LOW HITPOINT WARNING * * *
You hit Grinder but do no damage.
Grinder is moderately wounded.
Grinder blinks!
You bite Grinder!
Grinder is heavily wounded.
Grinder hits you.
* * * LOW HITPOINT WARNING * * *
You writhe in agony.
You die...

######.#.##.#.# #......#......#
#########
#.#########.######........
#.##......#.....##........ #
#.##.####.#####.##........
########.##.####.#####.##........
.............รท...................
################5#####...........
..........#....#s# #.............
.............#.#.# #.##..###.....
.########.#<(#.#.# #. #..###.####
.# #.##.#.#.# # #....#.. ####
#).....#.# ##.#.#### ...#
####.###.#.#####.#.# .#.#####
###..##.#.......#.# .#.....#
#....##.#######.#.# .#####.#
#.....#...........#


You could see Grinder.

Vanquished Creatures
  3 gnolls (D:2)
  4 adders
  An ooze (D:2)
  2 worms
  A dart slug (D:1)
  5 leopard geckos
  6 orcs (D:3)
  3 giant cockroaches
  7 goblins
  5 hobgoblins
  9 kobolds
  2 quokkas (D:3)
  A ball python (D:2)
  5 bats
  11 frilled lizards
  9 rats
74 creatures vanquished.

Notes
Turn   | Place    | Note
-------+----------+-------------------------------------------
     0 | D:1      | Amnesiac the Octopode Transmuter began the quest for the Orb.
     0 | D:1      | Reached XP level 1. HP: 13/13 MP: 3/3
   212 | D:1      | Reached XP level 2. HP: 18/18 MP: 5/5
   216 | D:1      | Learned a level 2 spell: Sticks to Snakes
   710 | D:1      | Reached XP level 3. HP: 21/24 MP: 6/6
   715 | D:1      | Learned a level 3 spell: Spider Form
  1337 | D:2      | Found an opulent altar of Gozag.
  1792 | D:2      | Reached XP level 4. HP: 15/30 MP: 3/7
  2569 | D:3      | Reached XP level 5. HP: 25/36 MP: 4/8
  3247 | D:3      | Noticed Grinder
  3249 | D:3      | Noticed Jessica
  3281 | D:3      | Slain by Grinder

Vault maps used:
D:1:      lemuel_arrival_room, minmay_lizard_king
D:2:      nicolae_gozag_cash_rules_everything_around_me
D:3:      uniq_grinder, uniq_jessica

Skill      XL: |  1  2  3  4 |
---------------+-------------+-----
Transmutations | 3 |  3.2
Fighting       | 2 3 |  3.2
Dodging        | 3 |  3.2
Unarmed Combat | |  3.1
Spellcasting   | |  2.1

Action                   |  1- 3 |  4- 6 || total
-------------------------+-------+-------++-------
Melee: Unarmed           |    78 |    98 ||   176
       Constrict         |    19 |    15 ||    34
       Tentacles         |     8 |     9 ||    17
       Punch             |     4 |       ||     4
 Cast: Beastly Appendage |     1 |       ||     1
       Spider Form       |     1 |     9 ||    10
  Use: Scroll            |       |     8 ||     8
 Stab: Sleeping          |     6 |     6 ||    12
       Distracted        |       |     1 ||     1
  Eat: Chunk             |     3 |     6 ||     9
Armor: Skin              |     3 |     4 ||     7
Dodge: Dodged            |    43 |    79 ||   122

Table legend:
 A = Spawn XP
 B = Non-spawn XP
 C = Spawn XP percentage of total XP
 D = Spawn monster count
 E = Non-spawn monster count
 F = Spawn count percentage of total count
 G = Total turns spent on level
                    A         B        C        D         E        F      G
               +---------+---------+-------+---------+---------+-------+---------
         Total |       0 |     224 |   0.0 |       0 |      74 |   0.0 |  3281
               +---------+---------+-------+---------+---------+-------+---------
           D:1 |       0 |      34 |   0.0 |       0 |      23 |   0.0 |  1069
           D:2 |       0 |     106 |   0.0 |       0 |      23 |   0.0 |  1283
           D:3 |       0 |      84 |   0.0 |       0 |      28 |   0.0 |   929
               +---------+---------+-------+---------+---------+-------+---------
